 Dungeon Crawl Stone Soup version 0.25.0-26-g0c896c7088 (webtiles) character file.

Game seed: 13738942899132423730

284727 Dirian the Severer (level 19, -8/174 HPs)
             Began as a Minotaur Fighter on July 1, 2020.
             Was the Champion of Makhleb.
             Killed from afar by a deep elf knight (34 damage)
             ... with a stone arrow
             ... on level 3 of the Elven Halls.
             The game lasted 01:11:06 (37534 turns).

Dirian the Severer (Minotaur Fighter)              Turns: 37534, Time: 01:11:07

Health: -8/174     AC: 16    Str: 23    XL:     19   Next: 36%
Magic:  38/38      EV:  4    Int: 13    God:    Makhleb [******]
Gold:   769        SH: 36    Dex: 16    Spells: 18/18 levels left

rFire    + + +     SeeInvis +   R - +9 broad axe "Virog" {distort, *Corrode +Blink rElec rF+}
rCold    + . .     Gourm    .   J - +8 tower shield of Complete Protection {+Fly rElec Int+2 Dex+4}
rNeg     + . .     Faith    .   j - +2 gold dragon scales
rPois    +         Spirit   .   (helmet restricted)
rElec    +         Reflect  +   N - +1 cloak {rCorr}
rCorr    +         Harm     .   u - +0 pair of gloves
MR       ++...                  m - +0 pair of boots
Stlth    ..........             b - amulet of reflection
HPRegen  0.39/turn              f - ring "Moluseje" {rF+ MR+ Int+6}
MPRegen  0.26/turn              X - ring "Anicergh" {rN+ MP+9 Str-4 SInv Stlth+}

@: corroded, very slightly contaminated, studying Axes
A: retaliatory headbutt, horns 2
}: 3/15 runes: decaying, abyssal, gossamer
a: Minor Destruction, Lesser Servant of Makhleb, Major Destruction, Greater
Servant of Makhleb, Renounce Religion, Evoke Blink, Evoke Flight


You were on level 3 of the Elven Halls.
You worshipped Makhleb.
Makhleb was exalted by your worship.
You were not hungry.

You visited 7 branches of the dungeon, and saw 35 of its levels.
You visited the Abyss 2 times.
You visited 1 bazaar.
You also visited: Ossuary and Bailey.

You collected 6097 gold pieces.
You spent 5328 gold pieces at shops.

Inventory:

Hand Weapons
 I - the +10 hand axe "Rovegepp" {flame, rPois Str+2 Dex+10}
   (You found it on level 9 of the Dungeon)

   It has been specially enchanted to burn those struck by it, causing extra
   injury to most foes and up to half again as much damage against particularly
   susceptible opponents.
   Big, fiery blades are also staple armaments of hydra-hunters.
   It affects your strength (+2).
   It affects your dexterity (+10).
   It protects you from poison.
 P - a +7 vampiric broad axe
 R - the +9 broad axe "Virog" (weapon) {distort, *Corrode +Blink rElec rF+}
   (You found it on level 6 of the Lair of Beasts)

   It warps and distorts space around it.
   Unwielding it can cause banishment or high damage.
   It protects you from fire.
   It insulates you from electricity.
   It lets you blink.
   It may corrode you when you take damage.
Armour
 j - +2 gold dragon scales (worn)
 m - a +0 pair of boots (worn)
 u - a +0 pair of gloves (worn)
 J - the +8 tower shield of Complete Protection (worn) {+Fly rElec Int+2 Dex+4}
   (You acquired it on level 3 of the Lair of Beasts)

   It affects your intelligence (+2).
   It affects your dexterity (+4).
   It insulates you from electricity.
   It lets you fly.
 N - a +1 cloak of preservation (worn)
Jewellery
 b - an amulet of reflection (around neck)
 f - the ring "Moluseje" (left hand) {rF+ MR+ Int+6}
   (You bought it in a shop on level 2 of the Orcish Mines)

   [ring of intelligence]

   It affects your intelligence (+6).
   It protects you from fire.
   It affects your resistance to hostile enchantments.
 Q - an uncursed ring of resist corrosion
 T - the amulet "Ovepres" {Faith Int+3 Dex+7}
   (You found it on level 1 of the Spider Nest)

   [amulet of faith]

   It allows you to gain divine favour quickly.
   It affects your intelligence (+3).
   It affects your dexterity (+7).
 X - the ring "Anicergh" (right hand) {rN+ MP+9 Str-4 SInv Stlth+}
   (You found it on level 3 of the Swamp)

   [ring of magical power]

   It affects your strength (-4).
   It protects you from negative energy.
   It affects your magic capacity (+9).
   It lets you see invisible.
   It makes you more stealthy.
Wands
 a - a wand of disintegration (9)
 l - a wand of acid (39)
 v - a wand of digging (9)
 G - a wand of iceblast (25)
 S - a wand of clouds (13)
Scrolls
 r - 9 scrolls of identify
 t - 18 scrolls of teleportation
 x - 23 scrolls of remove curse
 y - a scroll of silence
 B - a scroll of summoning
 E - 7 scrolls of immolation
 W - a scroll of magic mapping
Potions
 d - 5 potions of might
 h - 8 potions of haste
 i - 6 potions of flight
 n - 8 potions of mutation
 o - 4 potions of cancellation
 p - 7 potions of lignification
 q - 19 potions of curing
 s - 8 potions of ambrosia
 w - 11 potions of heal wounds
 C - 6 potions of berserk rage
 H - 4 potions of magic
 L - 3 potions of invisibility
Books
 c - a manual of Axes
Comestibles
 e - 48 rations


   Skills:
 + Level 16.6 Fighting
 + Level 20.8 Axes
 + Level 15.9 Armour
 + Level 20.0 Shields
 * Level 15.7 Invocations


You had 18 spell levels left.
You didn't know any spells.
Your spell library contained the following spells:

 Spells                   Type           Power        Failure   Level  Hunger
 Beastly Appendage        Tmut           #.....       100%        1    ##.....
 Freeze                   Ice            #...         100%        1    ##.....
 Infusion                 Chrm           #...         100%        1    ##.....
 Shock                    Conj/Air       #...         100%        1    ##.....
 Poisonous Vapours        Pois/Air       #.....       100%        2    ###....
 Shroud of Golubria       Chrm/Tloc      #.....       100%        2    ###....
 Song of Slaying          Chrm           #.......     100%        2    ###....
 Sticks to Snakes         Tmut           #.......     100%        2    ###....
 Swiftness                Chrm/Air       #.......     100%        2    ###....
 Conjure Flame            Conj/Fire      #.......     100%        3    ####...
 Frozen Ramparts          Ice            #.....       100%        3    ####...
 Mephitic Cloud           Conj/Pois/Air  #.......     100%        3    ####...
 Ozocubu's Armour         Chrm/Ice       #.......     100%        3    ####...
 Recall                   Summ/Tloc      N/A          100%        3    ####...
 Spectral Weapon          Hex/Chrm       #.......     100%        3    ####...
 Spider Form              Tmut/Pois      #.........   100%        3    ####...
 Static Discharge         Conj/Air       #.......     100%        3    ####...
 Airstrike                Air            #.........   100%        4    #####..
 Hailstorm                Conj/Ice       #.......     100%        4    #####..
 Ice Form                 Ice/Tmut       #.......     100%        4    #####..
 Summon Ice Beast         Ice/Summ       #.......     100%        4    #####..
 Summon Lightning Spire   Summ/Air       #.......     100%        4    #####..
 Aura of Abjuration       Summ           #.........   100%        5    ######.
 Blade Hands              Tmut           #.........   100%        5    ######.
 Irradiate                Conj/Tmut      #.........   100%        5    ######.
 Lightning Bolt           Conj/Air       #.........   100%        5    ######.
 Silence                  Hex/Air        #.........   100%        5    ######.
 Summon Demon             Summ           #.........   100%        5    ######.
 Summon Forest            Summ/Tloc      #.........   100%        5    ######.
 Summon Mana Viper        Hex/Summ       #.......     100%        5    ######.
 Conjure Ball Lightning   Conj/Air       #.........   100%        6    #######
 Freezing Cloud           Conj/Ice/Air   #.........   100%        6    #######
 Hydra Form               Tmut           #.........   100%        6    #######
 Shadow Creatures         Summ           N/A          100%        6    #######
 Statue Form              Tmut/Erth      #........    100%        6    #######
 Dragon Form              Tmut           #.........   100%        7    #######
 Ring of Flames           Chrm/Fire      #.........   100%        7    #######
 Tornado                  Air            #.........   100%        9    #######


Dungeon Overview and Level Annotations

Branches:
Dungeon (15/15)            Temple (1/1) D:4            Lair (6/6) D:11
  Swamp (4/4) Lair:2       Spider (4/4) Lair:2        Slime (0/5) Lair:5
    Orc (2/2) D:10            Elf (3/3) Orc:2        Vaults (0/5) D:13
 Depths (0/5) D:15        Ossuary (visited)          Bailey (visited)

Altars:
Ashenzari
Cheibriados
Dithmenos
Elyvilon
Fedhas
Gozag
Hepliaklqana
Kikubaaqudgha
Makhleb
Nemelex Xobeh
Okawaru
Qazlal
Ru
Sif Muna
Trog
Uskayaw
Vehumet
Wu Jian
Xom
Yredelemnul
Zin
The Shining One

Shops:
D:6 [   D:9 [   D:11 [}[:%   D:13 %*:%   D:14 :   D:15 =   Orc:1 (
Orc:2 *[=*(   Elf:2 !*

Portals:
Trove: Elf:3 (give 6 scrolls of blinking)

Annotations:
Abyss:1 Aizul


Innate Abilities, Weirdness & Mutations

You reflexively headbutt those who attack you in melee.
You have a pair of horns on your head.


Message History

You reflect the arrow off an invisible shield around you!
The arrow barely misses the deep elf master archer.
You slice the deep elf sorcerer!!
Space warps horribly around the deep elf sorcerer!
You kill the deep elf sorcerer!
Makhleb accepts your kill.
You feel better.
The deep elf high priest mumbles some strange prayers to its god against you.
Something smites you!
* * * LOW HITPOINT WARNING * * *
The deep elf elementalist gestures wildly while chanting.
The deep elf elementalist seems to speed up.
The deep elf sorcerer gestures at you while chanting.
The bolt of acid hits you! You resist.
* * * LOW HITPOINT WARNING * * *
The acid corrodes you!
You are splashed with acid.
You resist.
* * * LOW HITPOINT WARNING * * *
The deep elf knight casts a spell at you.
The stone arrow hits you!!
You die...

###.###
##...(.##
###..e.§..###
#....e.(....#
#...§.e....(#
#.....§e§.(.#
#...e..(.$..#
#...e..[....#
#.)e@)e(e...#
###...§§[(###
##.....##
###[### #.#
#.# #.# #.#
#.#


You could see a deep elf master archer, 2 deep elf sorcerers, a deep elf
elementalist (fast, empowered, repels missiles), a deep elf archer (empowered,
repels missiles), a deep elf knight (fast, empowered) and 3 deep elf high
priests.

Vanquished Creatures
  A lich (Abyss:2)
  Jorgrun (D:12)
  Rupert (Lair:3)
  A deep elf master archer (Elf:3)
  3 deep elf blademasters
  A storm dragon (Elf:1)
  Frances (Swamp:1)
  4 thorn hunters
  2 tengu reavers (Abyss:3)
  2 deep elf sorcerers (Elf:3)
  Louise (Elf:2)
  3 emperor scorpions (Spider:4)
  An orc warlord (D:10)
  The ghost of Kuerar the Basher, a journeyman BaFi of Cheibriados (Lair:4)
  An ophan (Abyss:2)
  3 deep elf demonologists
  4 deep elf annihilators
  2 spark wasps (Spider:3)
  The ghost of Bvern the Arsonist, a journeyman OpFE of Jiyva (Lair:6)
  A deep elf death mage (Elf:3)
  2 fire dragons
  2 vault guards (D:13)
  16 hydras
  Harold (Lair:2)
  An ice dragon (Lair:6)
  3 shambling mangroves
  5 ghost crabs
  3 centaur warriors
  2 satyrs (Abyss:3)
  The ghost of Dirian the Cleaver, a novice MiFi of Makhleb (D:11)
  2 two-headed ogres
  Erica (D:11)
  19 dancing weapons
  2 alligators (Swamp:4)
  A thrashing horror (Abyss:3)
  5 orc high priests
  14 deep elf knights
  Nergalle (Lair:2)
  A sixfirhy (Abyss:3)
  8 swamp dragons
  A spriggan druid (Swamp:4)
  A death drake (shapeshifter) (D:15)
  3 wizards (D:13)
  6 deep elf archers
  A lindwurm (Lair:6)
  3 orc knights
  A necromancer (D:13)
  3 orc sorcerers
  19 wolf spiders
  20 orb spiders
  31 deep elf magi
  2 ugly things (D:11)
  A manticore (D:13)
  A salamander (D:15)
  An oklob plant (Lair:1)
  3 cyclopes
  A spectral centaur (D:11)
  4 worldbinders (Abyss:3)
  2 water nymphs (Abyss:3)
  2 moths of wrath
  2 black mambas
  Joseph (D:8)
  Psyche (D:9)
  7 elephants
  Maurice (Orc:1)
  5 torpor snails (Lair:6)
  A gargoyle (D:8)
  3 rime drakes (Lair:6)
  14 spiny frogs
  Maggie (D:9)
  A kobold demonologist (D:11)
  8 komodo dragons
  8 demonic crawlers
  8 starcursed masses (Abyss:2)
  A guardian mummy (Elf:3)
  11 trolls
  2 polar bears
  3 meliai (D:14)
  29 jumping spiders
  11 tyrant leeches
  Prince Ribbit (Lair:3)
  3 raiju (Abyss:2)
  8 bog bodies
  5 slime creatures (Swamp:4)
  8 blink frogs
  19 hornets
  Grinder (D:3)
  A meliai zombie (D:11)
  11 hippogriffs
  A shadow (D:13)
  A wraith (D:15)
  An air elemental (Elf:1)
  20 tarantellas
  2 wyverns
  50 redbacks
  2 spriggans
  2 ynoxinuls (Abyss:2)
  2 fire elementals
  5 hogs (D:15)
  4 large abominations
  4 water elementals
  4 basilisks
  31 yaks
  19 humans (D:13)
  The ghost of nikku the Grasshopper, an amateur GnWr (D:3)
  3 steam dragons
  17 vampire mosquitoes
  5 insubstantial wisps (Swamp:4)
  3 wargs
  4 acid dragons
  A soldier ant (D:13)
  16 swamp worms
  4 water moccasins
  17 porcupines
  5 ice beasts
  Duvessa (D:5)
  26 orc warriors
  11 swamp drakes
  A meliai simulacrum (D:11)
  7 black bears
  The ghost of Skimidon the Chopper, an amateur HOFi (D:3)
  3 phantoms
  2 sky beasts
  An eye of draining (D:12)
  2 necrophages
  7 wolves
  9 ogres
  10 centaurs
  An ettin simulacrum (Abyss:2)
  9 crocodiles
  An elf zombie (Ossuary)
  4 big kobolds
  16 bullfrogs
  3 earth elementals (Elf:1)
  5 small abominations (Abyss:2)
  5 scorpions
  A wyvern skeleton (D:15)
  A hornet simulacrum (D:15)
  Dowan (D:5)
  10 killer bees
  10 wights
  12 electric eels
  3 howler monkeys
  6 crimson imps
  4 bullfrog zombies
  3 hounds
  2 human zombies (Ossuary)
  3 jellies (D:10)
  5 centaur zombies
  4 quasits
  A wyvern simulacrum (D:11)
  A gnoll shaman (D:5)
  Crazy Yiuf (D:2)
  13 orc priests
  7 iguanas
  22 orc wizards
  4 bullfrog skeletons
  8 centaur skeletons
  Jessica (D:2)
  Terence (D:3)
  9 worker ants
  A big kobold zombie (Ossuary)
  2 hound zombies
  2 mummies (Ossuary)
  11 adders
  23 gnolls
  2 howler monkey skeletons
  5 worker ant zombies
  5 shadow imps
  7 oozes
  4 worms
  6 dart slugs
  5 leopard geckos
  63 orcs
  2 ball pythons
  9 bats
  3 giant cockroaches
  6 goblins
  20 hobgoblins
  11 jackals
  23 kobolds
  6 quokkas
  2 frilled lizards
  A giant cockroach zombie (D:5)
  7 hobgoblin zombies (Ossuary)
  3 jackal zombies (Ossuary)
  12 kobold zombies (Ossuary)
  8 orc zombies (Ossuary)
  10 rats
  A rat zombie (Ossuary)
  38 briar patches
  7 fungi
  2 plants
1195 creatures vanquished.

Vanquished Creatures (collateral kills)
  Kirke (D:15)
  3 hydras (Swamp:4)
  A swamp dragon (Swamp:4)
  2 lindwurms (Swamp:4)
  A bog body (Swamp:4)
8 creatures vanquished.

Vanquished Creatures (others)
  A bone dragon (Abyss:2)
  3 ghost moths (Spider:4)
  4 emperor scorpions
  2 deep elf elementalists (Elf:3)
  A spark wasp (Spider:1)
  A deep elf high priest (Elf:1)
  7 hydras
  An ice dragon (Elf:1)
  4 dancing weapons
  3 alligators
  4 swamp dragons
  An orange crystal statue (Elf:2)
  2 wolf spiders (Spider:1)
  7 deep elf magi
  A necromancer (Abyss:2)
  A starcursed mass (Abyss:2)
  5 demonic crawlers
  A guardian mummy (Elf:3)
  A tyrant leech (Swamp:3)
  6 jumping spiders
  A hornet (Swamp:3)
  A slime creature (Swamp:4)
  A bog body (Swamp:2)
  2 large abominations (Abyss:2)
  12 redbacks
  A spriggan (Swamp:2)
  A ynoxinul (Abyss:3)
  3 tarantellas
  2 vampire mosquitoes
  2 swamp worms
  2 swamp drakes
  A sky beast (D:9)
  An earth elemental (Elf:1)
  An orc wizard (Elf:1)
  An orc priest (Elf:1)
  An iguana (D:11)
  An orc (Elf:1)
  15 briar patches
  5 fungi
  2 lurking horrors (Abyss:2)
  12 plants
124 creatures vanquished.

Grand Total: 1327 creatures vanquished

Notes
Turn   | Place    | Note
-------+----------+-------------------------------------------
     0 | D:1      | Dirian the Minotaur Fighter began the quest for the Orb.
     0 | D:1      | Reached XP level 1. HP: 19/19 MP: 0/0
   190 | D:1      | Reached XP level 2. HP: 27/27 MP: 1/1
   291 | D:1      | Reached XP level 3. HP: 33/33 MP: 2/2
  1190 | D:2      | Reached XP level 4. HP: 40/40 MP: 3/3
  1208 | D:2      | Noticed Jessica
  1219 | D:2      | Killed Jessica
  1231 | D:2      | Found a runed translucent door.
  1232 | D:2      | Noticed Crazy Yiuf
  1277 | D:2      | Found a glowing silver altar of Zin.
  1452 | D:2      | Killed Crazy Yiuf
  1537 | D:3      | Reached XP level 5. HP: 47/47 MP: 4/4
  1560 | D:3      | Noticed Terence
  1574 | D:3      | Killed Terence
  1858 | D:3      | Noticed Grinder
  1866 | D:3      | Paralysed by Grinder for 6 turns
  1878 | D:3      | Paralysed by Grinder for 5 turns
  1883 | D:3      | Killed Grinder
  1883 | D:3      | Reached skill level 5 in Axes
  1883 | D:3      | Reached skill level 5 in Armour
  1883 | D:3      | Reached skill level 5 in Shields
  1883 | D:3      | Reached XP level 6. HP: 20/55 MP: 5/5
  2397 | D:3      | Found a runed translucent gate.
  2397 | D:3      | Found a runed translucent gate.
  2397 | D:3      | Found a runed translucent gate.
  2397 | D:3      | Noticed Skimidon's ghost (amateur HOFi)
  2398 | D:3      | Noticed nikku's ghost (amateur GnWr)
  2591 | D:3      | Killed nikku's ghost
  2591 | D:3      | Reached skill level 5 in Fighting
  2591 | D:3      | Reached XP level 7. HP: 61/61 MP: 6/6
  2596 | D:3      | Killed Skimidon's ghost
  3441 | D:4      | Found a staircase to the Ecumenical Temple.
  3951 | Temple   | Entered the Ecumenical Temple
  4141 | D:5      | Entered Level 5 of the Dungeon
  4160 | D:5      | Reached XP level 8. HP: 59/69 MP: 7/7
  4428 | D:5      | Found a sand-covered staircase.
  4433 | Ossuary  | Entered an ossuary
  5278 | D:5      | Noticed Dowan
  5280 | D:5      | Noticed Duvessa
  5285 | D:5      | Killed Dowan
  5291 | D:5      | Killed Duvessa
  5536 | D:5      | Reached skill level 10 in Axes
  5572 | D:5      | Reached XP level 9. HP: 73/78 MP: 8/8
  5748 | D:6      | Found Jatsut's Antique Armour Emporium.
  5837 | D:6      | Got a bloodstained chain mail
  5847 | D:6      | Identified the +0 chain mail "Izon" {rF- MR+ Int+7} (You
                  | found it on level 6 of the Dungeon)
  6620 | D:7      | Found a shimmering blue altar of Sif Muna.
  6623 | D:7      | Found a bloodstained altar of Trog.
  6623 | D:7      | Found a radiant altar of Vehumet.
  6627 | D:7      | Found a basalt altar of Yredelemnul.
  6635 | D:7      | Found a burning altar of Makhleb.
  6726 | D:7      | Became a worshipper of Makhleb the Destroyer
  7132 | D:7      | Found a shadowy altar of Dithmenos.
  7259 | D:8      | Reached skill level 1 in Invocations
  7396 | D:8      | Noticed a gargoyle
  7409 | D:8      | Killed a gargoyle
  7784 | D:8      | Reached XP level 10. HP: 76/86 MP: 10/10
  8156 | D:8      | Noticed Joseph
  8407 | D:8      | Reached * piety under Makhleb
  8617 | D:8      | Killed Joseph
  9249 | D:9      | Found a flagged portal.
  9259 | D:9      | Noticed Psyche
  9269 | D:9      | Killed Psyche
  9324 | D:9      | Got a crude hand axe
  9327 | Bailey   | Entered a bailey
  9329 | Bailey   | Identified the +10 hand axe "Rovegepp" {flame, rPois Str+2
                  | Dex+10} (You found it on level 9 of the Dungeon)
  9394 | Bailey   | Reached ** piety under Makhleb
  9533 | Bailey   | Noticed an orc knight
  9542 | Bailey   | Killed an orc knight
 10139 | D:9      | Noticed Maggie
 10152 | D:9      | Killed Maggie
 10152 | D:9      | Reached XP level 11. HP: 89/95 MP: 13/13
 10189 | D:9      | Found Sion's Armour Emporium.
 10275 | D:9      | Reached *** piety under Makhleb
 10546 | D:10     | Entered Level 10 of the Dungeon
 10738 | D:10     | Found a staircase to the Orcish Mines.
 10858 | D:10     | Reached skill level 5 in Invocations
 11187 | Orc:1    | Entered Level 1 of the Orcish Mines
 11187 | Orc:1    | Noticed a two-headed ogre
 11193 | Orc:1    | Killed a two-headed ogre
 11193 | Orc:1    | Reached skill level 10 in Shields
 11353 | Orc:1    | Found Olyir's Weapon Emporium.
 11529 | Orc:1    | Reached **** piety under Makhleb
 11908 | Orc:2    | Entered Level 2 of the Orcish Mines
 11908 | Orc:2    | Found Wamp's Jewellery Shoppe.
 11908 | Orc:2    | Noticed an orc knight
 11908 | Orc:2    | Noticed an orc sorcerer
 11908 | Orc:2    | Noticed an orc warlord
 11908 | Orc:2    | Noticed an orc sorcerer
 11908 | Orc:2    | Noticed Maurice
 11924 | Orc:1    | Killed an orc knight
 11937 | Orc:1    | Killed an orc sorcerer
 11943 | Orc:1    | Killed an orc sorcerer
 12310 | D:10     | Identified a scroll of acquirement
 12389 | D:9      | Bought +0 gold dragon scales for 1200 gold pieces
 12389 | D:9      | Bought a cursed +0 pair of gloves for 22 gold pieces
 12538 | D:11     | Noticed Erica
 12558 | D:11     | Killed Erica
 12558 | D:11     | Reached skill level 10 in Armour
 12569 | D:11     | Found Cypaqust's Food Shop.
 12722 | D:11     | Found a staircase to the Lair.
 12740 | D:11     | Found Pumeyx's Book Boutique.
 12744 | D:11     | You fall into a shaft and drop 3 floors!
 12744 | D:14     | Noticed a centaur warrior
 12744 | D:14     | Noticed a deep elf mage
 12769 | D:14     | Reached XP level 12. HP: 84/106 MP: 15/15
 12775 | D:14     | Reached skill level 10 in Fighting
 12783 | D:14     | Killed a centaur warrior
 12812 | D:14     | Reached ***** piety under Makhleb
 12824 | D:14     | Found Wala's Book Emporium.
 13606 | D:13     | Found Guesexung's Book Boutique.
 13653 | D:13     | Found Xianeneg's Food Shoppe.
 13745 | D:13     | Noticed a five-headed hydra
 13750 | D:13     | Killed a two-headed hydra
 13791 | D:13     | Found a gateway to a bazaar.
 13804 | Bazaar   | Entered a bazaar
 13806 | Bazaar   | Found Immuac's Antique Weapon Boutique.
 13810 | Bazaar   | Found Hetutt's Distillery.
 13810 | Bazaar   | Found Toyzirel's Book Boutique.
 13811 | Bazaar   | Found Kawoz's Antique Armour Boutique.
 13821 | Bazaar   | Bought a potion of heal wounds for 50 gold pieces
 13821 | Bazaar   | Bought a potion of curing for 30 gold pieces
 13910 | D:13     | Found Joutinats's Assorted Antiques.
 13914 | D:13     | Bought a scroll labeled HOPIATOGHO for 38 gold pieces
 13914 | D:13     | Bought a fizzy golden potion for 34 gold pieces
 13914 | D:13     | Bought a scroll of identify for 76 gold pieces
 13914 | D:13     | Bought a scroll of identify for 76 gold pieces
 13914 | D:13     | Bought a scroll of identify for 76 gold pieces
 13914 | D:13     | Bought a potion of curing for 114 gold pieces
 13926 | D:13     | Noticed a centaur warrior
 13935 | D:13     | Killed a centaur warrior
 13963 | D:13     | Found Xolyutig's Food Shoppe.
 14256 | D:13     | Found a gate to the Vaults.
 14256 | D:13     | Noticed a vault guard
 14256 | D:13     | Noticed a vault guard
 14263 | D:13     | Killed a vault guard
 14275 | D:13     | Killed a vault guard
 14275 | D:13     | Reached XP level 13. HP: 116/116 MP: 16/18
 14590 | D:13     | Reached skill level 10 in Invocations
 14590 | D:13     | Reached XP level 14. HP: 124/124 MP: 18/20
 14690 | D:12     | Reached skill level 15 in Axes
 15939 | D:12     | Noticed Jorgrun
 15953 | D:12     | Killed Jorgrun
 16282 | D:11     | Reached ****** piety under Makhleb
 16310 | D:11     | Found Zotailoi's Gadget Emporium.
 16314 | D:11     | Found Haojicid's Armour Boutique.
 16525 | D:11     | Found Samafel's Armour Shoppe.
 16548 | D:11     | Bought a +1 kite shield of reflection for 175 gold pieces
 16558 | D:11     | Bought a +1 cloak of preservation for 214 gold pieces
 16810 | D:11     | Found a runed translucent gate.
 16811 | D:11     | Found a runed translucent gate.
 16812 | D:11     | Found a runed translucent gate.
 16814 | D:11     | Noticed Dirian's ghost (novice MiFi)
 16942 | D:11     | Killed Dirian's ghost
 17050 | D:15     | Entered Level 15 of the Dungeon
 17132 | D:15     | Found Ynus's Jewellery Shop.
 17403 | D:15     | Noticed Kirke
 17405 | D:15     | Noticed a sphinx
 17415 | D:15     | Paralysed by a sphinx for 7 turns
 17429 | D:15     | Killed Kirke
 17705 | D:15     | Found a staircase to the Depths.
 18152 | D:10     | Killed an orc warlord
 18252 | Orc:1    | Killed Maurice
 18300 | Orc:1    | Bought a +2 vampiric broad axe for 336 gold pieces
 18313 | Orc:2    | Found a staircase to the Elven Halls.
 18313 | Orc:2    | Found Hetutt's Antique Armour Shoppe.
 18389 | Orc:2    | Bought an uncursed ring of see invisible for 225 gold
                  | pieces
 18458 | Orc:2    | Found Naggewi's Antique Weapon Emporium.
 18483 | Orc:2    | Found a shimmering altar of Xom.
 18538 | Orc:2    | Found Zawny's General Store.
 18556 | Orc:2    | Bought a potion of haste for 170 gold pieces
 18563 | Orc:2    | Found Baapsyro's Assorted Antiques.
 18570 | Orc:2    | Bought a scroll of enchant weapon for 232 gold pieces
 18917 | Lair:1   | Entered Level 1 of the Lair of Beasts
 19786 | Lair:2   | Noticed Harold
 19795 | Lair:2   | Killed Harold
 19795 | Lair:2   | Reached XP level 15. HP: 133/133 MP: 22/22
 20186 | Lair:2   | Noticed Nergalle
 20207 | Lair:2   | Killed Nergalle
 20322 | Lair:2   | Found a glowing silver altar of Zin.
 20370 | Lair:2   | Found a hole to the Spider Nest.
 20605 | Lair:2   | Found a staircase to the Swamp.
 20845 | Lair:3   | Noticed Prince Ribbit
 20850 | Lair:3   | Killed Prince Ribbit
 21135 | Lair:3   | Noticed Rupert
 21151 | Lair:3   | Killed Rupert
 21885 | Lair:3   | Got the +8 tower shield of Complete Protection {+Fly rElec
                  | Int+2 Dex+4}
 21952 | Lair:4   | Found a runed translucent door.
 21953 | Lair:4   | Noticed Kuerar's ghost (journeyman BaFi)
 22908 | Lair:4   | Killed Kuerar's ghost
 22946 | Lair:5   | Found a staircase to the Slime Pits.
 23083 | Lair:5   | You fall into a shaft and drop 1 floor!
 23083 | Lair:6   | Entered Level 6 of the Lair of Beasts
 23083 | Lair:6   | Found a runed translucent gate.
 23083 | Lair:6   | Found a runed translucent gate.
 23084 | Lair:6   | Found a runed translucent gate.
 23088 | Lair:6   | Noticed Bvern's ghost (journeyman OpFE)
 23454 | Lair:6   | Found a runed translucent door.
 24837 | Lair:6   | Killed Bvern's ghost
 24845 | Lair:6   | Got a pitted broad axe
 25045 | Lair:6   | Identified the +9 broad axe "Virog" {distort, *Corrode
                  | +Blink rElec rF+} (You found it on level 6 of the Lair of
                  | Beasts)
 25682 | Spider:1 | Entered Level 1 of the Spider Nest
 25861 | Spider:1 | Reached XP level 16. HP: 143/143 MP: 24/24
 26017 | Spider:1 | Reached skill level 15 in Shields
 26155 | Spider:1 | Got a wavering silver amulet
 26777 | Spider:1 | Identified the amulet "Ovepres" {Faith Int+3 Dex+7} (You
                  | found it on level 1 of the Spider Nest)
 27742 | Spider:2 | Identified the +7 plate armour "Wutie" {*Drain rF+ rC+}
                  | (You found it on level 2 of the Spider Nest)
 28360 | Spider:4 | Entered Level 4 of the Spider Nest
 28582 | Spider:4 | Reached XP level 17. HP: 150/153 MP: 3/26
 28780 | Spider:4 | Got a gossamer rune of Zot
 29320 | Swamp:1  | Entered Level 1 of the Swamp
 29413 | Swamp:1  | Noticed Frances
 29444 | Swamp:1  | Killed Frances
 30848 | Swamp:3  | Reached skill level 15 in Fighting
 31024 | Swamp:3  | Got a sparkling iron ring
 31503 | Swamp:3  | Identified the ring "Anicergh" {rN+ MP+9 Str-4 SInv Stlth+}
                  | (You found it on level 3 of the Swamp)
 31687 | Swamp:4  | Entered Level 4 of the Swamp
 32137 | Swamp:4  | Reached skill level 15 in Armour
 32916 | Swamp:4  | Got a decaying rune of Zot
 33262 | Swamp:4  | Reached XP level 18. HP: 153/162 MP: 27/27
 33727 | Orc:2    | Bought an uncursed amulet of reflection for 450 gold pieces
 33727 | Orc:2    | Bought the ring "Moluseje" {rF+ MR+ Int+6} for 1171 gold
                  | pieces
 33760 | Elf:1    | Entered Level 1 of the Elven Halls
 34259 | Elf:1    | Found a runed translucent gate.
 34259 | Elf:1    | Found a runed translucent gate.
 34259 | Elf:1    | Found a runed translucent gate.
 34259 | Elf:1    | Found a runed translucent gate.
 34259 | Elf:1    | Found a runed translucent gate.
 34266 | Elf:1    | Noticed a Hell Sentinel
 34283 | Elf:1    | Found a runed translucent gate.
 34927 | Elf:2    | Found Sugucs's Distillery.
 34932 | Elf:2    | Bought a potion of haste for 160 gold pieces
 34932 | Elf:2    | Bought a potion of heal wounds for 80 gold pieces
 34932 | Elf:2    | Bought a potion of might for 64 gold pieces
 34932 | Elf:2    | Bought a potion of heal wounds for 80 gold pieces
 34951 | Elf:2    | Found Tulule's General Store.
 34959 | Elf:2    | Bought a potion of heal wounds for 85 gold pieces
 34959 | Elf:2    | Bought a potion of haste for 170 gold pieces
 35104 | Elf:2    | Found an ancient bone altar of Kikubaaqudgha.
 35238 | Elf:2    | Reached skill level 15 in Invocations
 35325 | Elf:2    | Found a huge runed translucent gate.
 35325 | Elf:2    | Found a huge runed translucent gate.
 35326 | Elf:2    | Found a huge runed translucent gate.
 35327 | Elf:2    | Found a huge runed translucent gate.
 35332 | Elf:2    | Found a huge runed translucent gate.
 35791 | Elf:2    | Noticed Louise
 35809 | Elf:2    | Killed Louise
 35850 | Elf:2    | Noticed Aizul
 35865 | Elf:2    | Banished Aizul
 36233 | Elf:3    | Entered Level 3 of the Elven Halls
 36651 | Elf:3    | Found a portal to a secret trove of treasure.
 36758 | Elf:3    | Cast into level 2 of the Abyss (a deep elf demonologist)
 36807 | Abyss:2  | Found a hide-covered altar of Uskayaw.
 36871 | Abyss:2  | Noticed a lich
 36887 | Abyss:2  | Killed a lich
 37123 | Abyss:2  | Noticed a bone dragon
 37136 | Abyss:2  | Banished a bone dragon
 37180 | Abyss:3  | Found a corrupted altar of Lugonu.
 37192 | Abyss:3  | Reached XP level 19. HP: 140/173 MP: 29/29
 37293 | Abyss:3  | Got an abyssal rune of Zot
 37313 | Elf:3    | Escaped the Abyss
 37345 | Elf:3    | Cast into level 2 of the Abyss (a deep elf sorcerer)
 37520 | Abyss:2  | Noticed a bone dragon
 37526 | Elf:3    | Escaped the Abyss
 37532 | Elf:3    | Identified the +1 morningstar of Makhleb's Outrage {freeze,
                  | Int+3}
 37534 | Elf:3    | Killed from afar by a deep elf knight

Illustrated notes

Levels and vault maps discovered:
D:1:      roderic_octagonal_star, layout_loops_ring
D:2:      layout_rooms, zin_statuary, uniq_crazy_yiuf_cottage, uniq_jessica
D:3:      layout_basic, gammafunk_ghost_cemetery, uniq_grinder, uniq_terence
D:4:      layout_gridville, minmay_temple_entry_butterflies
D:5:      kennysheep_big_flooded_room, layout_loops_cross, enter_ossuary_2,
          first_ration, uniq_duvessa
D:6:      layout_cave_pools, serial_shops, shop
D:7:      layout_cave_pods, grunt_temple_overflow_open,
          nicolae_dithmenos_through_a_glass_darkly
D:8:      kennysheep_windowed_halls, layout_basic, uniq_joseph
D:9:      layout_loops_corners, enter_bailey_2, serial_shops, shop, uniq_psyche,
          uniq_maggie
D:10:     layout_rooms, david_orc_3, hangedman_little_slice_of_home
D:11:     layout_long_grid, due_lair_maze_entry_diamond, serial_shops, shop,
          nicolae_shop_behind_doors, shop, nicolae_shop_trees, shop,
          gammafunk_ghost_necromancy, uniq_erica
D:12:     layout_basic, uniq_jorgrun
D:13:     layout_roguey, grunt_vaults_entry_tiered, serial_shops,
          bzr_entry_dummy, shop, shop, shop, shop
D:14:     layout_basic, serial_shops, kennysheep_mini,
          hangedman_abyss_or_decor_stagger, serial_bayou_pond_b
D:15:     hangedman_depths_entry_try_elsewhere_first, layout_irregular_city,
          chequers_serial_rivers_room_b, serial_shops, nicolae_shop_stone,
          serial_column_ruins, column_ruins_hut_water,
          column_ruins_corridor_corner, column_ruins_open_small,
          column_ruins_open_tiny, column_ruins_corridor_T, column_ruins_grid_3,
          hangedman_abyss_or_decor_slice, hangedman_decor_growths,
          minmay_stone_trees_small, uniq_kirke
Temple:   regret_index_temple_sphere_string
Lair:1:   layout_gridlike, minmay_holes, minmay_lair_oklob_items
Lair:2:   layout_long_grid, nicolae_swamp_entry_splash_gauntlet,
          spider_nest_entry_funnel_web, basic_altar, uniq_nergalle, uniq_harold
Lair:3:   layout_cave_pods, uniq_rupert, uniq_prince_ribbit2
Lair:4:   layout_regular_city, ebering_ghost_inner_flame, grunt_megastairs_2
Lair:5:   layout_loops_ring, slime_dummy
Lair:6:   guppyfry_lair_end_dragon, layout_cave_pods, wormcave,
          gammafunk_ghost_hydra_chop, grunt_megastairs_5
Swamp:1:  layout_falls_marsh, evilmike_swamp_ruin_house_2, uniq_frances
Swamp:2:  layout_basic_swamp, evilmike_swamp_ruin_house_4, swamp_pool4
Swamp:3:  layout_falls_marsh, evilmike_swamp_ruin_rubble_2, swamp_pool3
Swamp:4:  swamp_alternative, layout_basic_swamp
Spider:1: layout_chambers
Spider:2: layout_spider_delve, nicolae_spider_cling_halls
Spider:3: cheibrodos_forgotten_conduit
Spider:4: grunt_spider_rune_circles
Orc:1:    layout_caves, serial_shops, shop, nicolae_orc_stony_grotto
Orc:2:    grunt_orc_gardens, layout_caves, grunt_orc_garden, grunt_orc_garden,
          grunt_orc_garden, grunt_orc_garden, serial_shops, nicolae_shop_trees,
          basic_altar, uniq_maurice
Elf:1:    eino_elf_arrival_shootout, layout_loops_corners, orc_legates
Elf:2:    layout_geoelf_grid, basic_altar, serial_shops, shop,
          nicolae_shop_crystal, minivault_15, uniq_aizul, uniq_louise
Elf:3:    minmay_elf_hall_hex, layout_geoelf_diagonals,
          nicolae_trove_entry_path_of_doom

Skill      XL: |  1  2  3  4  5  6  7  8  9 10 11 12 13 14 15 16 17 18 19 |
---------------+----------------------------------------------------------+-----
Fighting       | 4 5 6 7 8 9 11 12 13 14 15 16 | 16.6
Armour         | 4 5 6 7 8 9 10 11 13 14 15 | 15.9
Shields        | 4 5 6 8 9 10 12 13 14 16 18 19 20 | 20.0
Axes           | 3 4 5 6 7 10 11 13 14 16 17 18 19 20 | 20.8
Invocations    | 2 4 6 8 10 11 12 13 14 15 | 15.7

Action                   |  1- 3 |  4- 6 |  7- 9 | 10-12 | 13-15 | 16-18 | 19-21 || total
-------------------------+-------+-------+-------+-------+-------+-------+-------++-------
Melee: War axe           |   116 |    88 |   446 |   125 |       |       |       ||   775
       Headbutt          |    20 |    18 |    83 |   161 |   364 |   322 |    29 ||   997
       Hand axe          |       |       |       |   447 |   328 |       |       ||   775
       Unarmed           |       |       |       |    24 |       |       |       ||    24
       Broad axe         |       |       |       |       |   634 |  1245 |   104 ||  1983
Invok: Lesser Servant of |       |       |       |       |     2 |       |       ||     2
       Greater Servant o |       |       |       |       |       |     3 |     1 ||     4
 Abil: Evoke Flight      |       |       |       |       |       |     3 |       ||     3
       Stop Flying       |       |       |       |       |       |     1 |       ||     1
Evoke: Wand              |       |       |       |       |     1 |       |       ||     1
  Use: Potion            |       |     1 |       |     5 |     1 |       |     1 ||     8
       Scroll            |       |       |    16 |    12 |    10 |    11 |     1 ||    50
 Stab: Invisible         |       |       |       |     1 |       |       |       ||     1
       Confused          |       |       |       |       |     1 |       |       ||     1
       Distracted        |       |       |       |       |       |     2 |     1 ||     3
  Eat: Chunk             |     1 |     5 |     9 |    22 |    29 |    28 |       ||    94
       Ration            |       |       |     2 |       |     2 |     3 |     1 ||     8
Armor: Scale mail        |    57 |    23 |    93 |       |       |       |       ||   173
       Chain mail        |       |       |    60 |   100 |       |       |       ||   160
       Skin              |       |       |       |    55 |       |       |       ||    55
       Gold dragon scale |       |       |       |    90 |   449 |   474 |    41 ||  1054
Dodge: Dodged            |    39 |    15 |    84 |   187 |    84 |   100 |     8 ||   517
Block: Kite shield       |    68 |    36 |   206 |   302 |   324 |       |       ||   936
       Reflection        |       |       |       |       |     8 |    53 |    29 ||    90
       Tower shield      |       |       |       |       |   510 |  1375 |   172 ||  2057
